AoeStats
← Michi3052

Marketplace

504647180Analyzed
1v1 RM · 27d ago on Sep 6, 2026· 24m 46s· 2 players
Game mode
Random Map
Map size
Tiny (2 player)
Population
200
Speed
Normal
Resources
Standard
Victory
Conquest
Starting age
Dark Age
Ending age
Imperial Age
RankedLock teamsTeams togetherTeam positionsShared explorationLock speedFull tech treeHidden civsTurbo modeCheats
Victory
Defeat
🇵🇪 Khmer · Peru
655
+18
🇪🇸 Burgundians · Spain
690
-18
TERESA COÑAZOS
3:09 Loom
10:43 Feudal Age
20:51 Castle Age
Michi3052
7:00 Double-Bit Axe
8:51 Wheelbarrow
11:25 Feudal Age
15:40 Horse Collar
21:11 Castle Age
19:57 Bow Saw
21:31 Heavy Plow
21:52 Caravan
21:20 Cavalier
Connection lost

Rejoining the realm…

Still unreachable

The connection could not be restored.

Session expired

The server has moved on; the page needs a fresh start.